Map: [ESL] Data-C

Players

ByuN - Winner!

  • Race: Terran Terran
  • Spawn Location: 3:00

Astrea

  • Race: Protoss Protoss
  • League: Master
  • Spawn Location: 9:00

Event: HomeStory Cup XXII

VOD

Have the link to the VOD?

Description

Time

  • Played on: Dec. 18, 2022, 7:33 a.m.
  • Length: 4:34

All games in this series

Show
View Real Time Build Order
Export as new Build Order

ByuN Terran - Winner!

Build Orders:  

Get SALT Encoding   

  12  0:00  SCV  
  13  0:12  SCV  
  14  0:17  Supply Depot  
  14  0:24  SCV  
  15  0:39  Barracks, SCV  
  16  0:45  Refinery  
  16  0:51  SCV  
  16  0:55  Refinery  
  17  1:03  SCV  
  18  1:16  SCV  
  20  1:25  Reaper  
  20  1:28  Orbital Command  
  20  1:37  Supply Depot  
  20  1:47  Factory  
  20  1:54  SCV  
  21  1:57  Barracks Tech Lab  
  21  2:06  SCV  
  22  2:17  Marauder  
  22  2:18  SCV  
  25  2:30  Supply Depot  
  25  2:31  Hellion  
  25  2:34  Starport  
  27  2:39  Marauder  
  27  2:41  Concussive Shells  
  29  2:44  SCV  
  30  2:56  Hellion  
  32  3:00  Marauder  
  32  3:01  Supply Depot  
  34  3:11  Medivac  
  36  3:17  Hellion  
  38  3:23  Supply Depot, Marauder  
  40  3:45  Viking  
  44  3:48  Marauder  
  46  4:08  Factory Tech Lab  
Show
View Real Time Build Order
Export as new Build Order

Astrea Protoss 

Build Orders: 1 Gate Expand 

Get SALT Encoding   

  12  0:00  Probe  
  13  0:12  Probe  
  14  0:17  Pylon  
  14  0:24  Probe (Chrono Boost)  
  15  0:36  Probe (Chrono Boost)  
  15  0:38  Gateway  
  16  0:44  Probe (Chrono Boost)  
  16  0:47  Assimilator  
  17  0:51  Probe  
  18  1:03  Probe  
  18  1:15  Probe  
  19  1:25  Cybernetics Core  
  22  1:38  Nexus  
  21  1:49  Pylon  
  21  1:53  Probe  
  22  1:58  Stalker (Chrono Boost)  
  20  2:05  Probe, Assimilator  
  23  2:09  Warp Gate  
  23  2:17  Probe  
  24  2:29  Probe  
  25  2:30  Adept (Chrono Boost)  
  27  2:41  Probe  
  28  2:50  Probe (Chrono Boost)  
  29  2:54  Stargate  
  29  2:57  Probe (Chrono Boost)  
  30  3:02  Shield Battery, Probe (Chrono Boost)  
  32  3:08  Probe x2 (Chrono Boost)  
  33  3:16  Probe (Chrono Boost)  
  35  3:20  Twilight Council  
  35  3:23  Probe (Chrono Boost)  
  35  3:26  Probe (Chrono Boost)  
  36  3:30  Probe (Chrono Boost)  
  36  3:31  Probe (Chrono Boost)  
  40  3:42  Probe  
  40  3:43  Probe  
  40  3:45  Pylon  
  40  3:47  Pylon  
  42  3:51  Gateway  
  42  3:54  Probe  
  43  3:58  Pylon  
  45  4:05  Probe  
Tags
 
League
Master
Matchup
PvT
Replay Pack
hsc22
Spawn Locations
Cross Positions
Add a new tag
Caveats
  • Supply blocks, unpowered buildings, or Contaminate may cause inaccurate times.
  • Supply counts are checked every 10 seconds.